Map: Odyssey LE

Players

Plokoon

  • Race: Terran Terran
  • League: Master
  • Spawn Location: 11:00

whiteant - Winner!

  • Race: Protoss Protoss
  • Spawn Location: 5:00

VOD

Have the link to the VOD?

Description

Time

  • Played on: Nov. 29, 2017, 8:23 a.m.
  • Length: 11:45
Show
View Real Time Build Order
Export as new Build Order

Plokoon Terran 

Build Orders: Reaper Expand, MMM Bio 

Get SALT Encoding   

  12  0:01  SCV  
  13  0:13  SCV  
  14  0:17  Supply Depot  
  14  0:25  SCV  
  15  0:30  Refinery  
  15  0:39  SCV  
  16  0:45  Barracks  
  16  0:51  SCV  
  17  1:03  SCV  
  18  1:15  SCV  
  19  1:32  Orbital Command  
  19  1:33  Reaper  
  20  1:48  Command Center  
  20  1:58  SCV  
  21  2:03  Barracks  
  21  2:06  Barracks Reactor  
  21  2:10  SCV  
  22  2:20  Supply Depot  
  22  2:22  SCV  
  23  2:30  Engineering Bay  
  23  2:41  SCV  
  24  2:47  Marine x2  
  26  2:54  SCV  
  26  2:55  Barracks Tech Lab  
  26  2:56  Bunker  
  26  2:58  Terran Infantry Weapons Level 1  
  27  3:00  Orbital Command  
  27  3:06  SCV  
  27  3:07  Marine x2  
  30  3:14  Stimpack  
  30  3:17  Marine  
  30  3:19  SCV  
  32  3:26  Marine  
  32  3:27  Marine  
  33  3:31  SCV x2  
  36  3:35  Marine  
  36  3:37  Barracks  
  37  3:43  SCV  
  37  3:44  Marine  
  37  3:45  Supply Depot  
  39  3:48  SCV  
  39  3:51  Refinery  
  39  3:55  SCV, Marine x2  
  42  4:00  SCV  
  42  4:02  Factory  
  44  4:07  SCV  
  44  4:08  Supply Depot  
  45  4:10  Marine  
  45  4:13  Marine x2  
  45  4:14  SCV  
  45  4:16  Refinery  
  49  4:19  SCV  
  50  4:24  Barracks Tech Lab  
  50  4:26  SCV  
  50  4:28  Marine  
  52  4:31  Marine x2  
  52  4:33  SCV  
  52  4:35  Supply Depot  
  55  4:38  SCV  
  55  4:45  SCV, Marauder  
  59  4:46  Combat Shields  
  59  4:49  Starport  
  59  4:50  Marine x2, Factory Reactor  
  61  4:57  SCV, Marauder  
  64  5:04  Supply Depot  
  64  5:06  SCV, Marine  
  66  5:08  Marine  
  66  5:09  Supply Depot  
  67  5:15  Marine  
  67  5:17  SCV  
  69  5:21  Concussive Shells  
  69  5:25  SCV  
  69  5:26  Terran Infantry Armor Level 1, Marine, Marauder x2  
  75  5:36  Marine  
  76  5:47  SCV, Marauder  
  79  5:51  Marine, Marauder  
  79  5:52  Medivac x2  
  79  5:55  Supply Depot  
  86  6:06  Supply Depot  
  86  6:09  Command Center  
  86  6:16  SCV x2, Marine x3, Marauder  
  93  6:20  Supply Depot  
  93  6:23  Refinery  
  93  6:27  Medivac x2  
  93  6:28  SCV  
  98  6:34  Marine, Marauder  
  98  6:37  Supply Depot  
  98  6:38  Marauder  
  98  6:39  Barracks  
  103  6:45  Marine  
  104  6:48  SCV  
  104  6:50  Barracks  
  105  6:55  Supply Depot  
  105  6:56  Marauder  
  105  7:05  Marine x2, Marauder  
  105  7:06  Liberator  
  76  7:16  Marine, SCV x2  
  76  7:22  Marine  
  78  7:24  Marine  
  78  7:26  Marauder  
  78  7:28  Orbital Command  
  85  7:33  Barracks Tech Lab  
  85  7:36  Marauder  
  88  7:39  Barracks Reactor  
  88  7:40  Marine, SCV x2  
  88  7:41  Liberator  
  88  7:42  Marine  
  88  7:43  Armory  
  91  7:49  Liberator  
  91  7:52  SCV x2  
  91  7:56  Marine, Marauder  
  91  7:57  Marine  
  91  7:58  Marine  
  97  8:00  SCV  
  97  8:04  Supply Depot, SCV x2  
  104  8:10  Marine  
  108  8:14  Marine  
  108  8:17  Marine x4, Marauder  
  108  8:19  SCV x2  
  117  8:23  Refinery  
  117  8:24  Liberator  
  117  8:33  Marine, Marauder  
  120  8:35  Liberator, Marine  
  120  8:38  Marine x2, Marauder  
  120  8:40  Marauder  
  130  8:49  Terran Infantry Weapons Level 2  
  130  8:50  Marine, Refinery  
  130  8:53  Engineering Bay  
  130  9:03  Marine x3, Marauder  
  130  9:05  SCV  
  130  9:06  SCV  
  130  9:07  Liberator  
  130  9:08  Command Center  
  137  9:11  Marine x2, Marauder  
  138  9:19  Starport  
  138  9:20  Marine  
  138  9:21  Supply Depot, Marine  
  140  9:25  Marine  
  140  9:26  Marauder  
  140  9:28  Marine  
  140  9:29  Marine  
  148  9:35  Viking  
  148  9:36  Factory Reactor, Marauder  
  152  9:38  Marine x2  
  152  9:43  Marine  
  155  9:46  Marine  
  155  9:47  Marauder x2  
  160  9:56  Marine x2  
  160  9:57  Marauder  
  164  10:01  Marine  
  165  10:07  Marine  
  165  10:19  Viking x2, Marine x3  
  165  10:20  Marauder x3  
  178  10:25  Marine  
  172  10:37  Supply Depot, Marine x3  
  172  10:41  Marauder x2  
  179  10:42  Marine  
  180  10:56  Marine x3  
  180  10:57  Viking x2, Supply Depot  
  180  10:58  Supply Depot, Marauder  
  180  11:00  Viking, Marine  
  180  11:02  Marine  
  180  11:03  Marauder  
  182  11:14  Marine x3  
  182  11:18  Marine  
  187  11:19  Marauder  
  187  11:20  Marauder  
  187  11:24  Marauder  
Show
View Real Time Build Order
Export as new Build Order

whiteant Protoss - Winner!

Build Orders: 1 Gate Expand 

Get SALT Encoding   

  12  0:01  Probe  
  13  0:13  Probe  
  14  0:18  Pylon  
  14  0:25  Probe  
  15  0:37  Gateway, Probe (Chrono Boost)  
  16  0:46  Assimilator  
  16  0:49  Probe (Chrono Boost)  
  17  0:55  Probe  
  18  1:08  Probe (Chrono Boost)  
  19  1:18  Probe (Chrono Boost)  
  20  1:29  Nexus  
  20  1:33  Cybernetics Core  
  21  1:40  Assimilator, Probe  
  21  1:47  Pylon  
  21  1:52  Probe  
  22  2:05  Probe  
  23  2:10  Stalker (Chrono Boost)  
  23  2:11  Warp Gate (Chrono Boost)  
  25  2:19  Probe  
  26  2:25  Pylon  
  26  2:31  Probe  
  26  2:32  Sentry  
  29  2:37  Gateway  
  29  2:43  Probe  
  29  2:53  Probe (Chrono Boost)  
  30  3:01  Shield Battery  
  30  3:05  Probe (Chrono Boost)  
  32  3:06  Sentry  
  32  3:09  Robotics Facility  
  32  3:10  Probe (Chrono Boost)  
  34  3:14  Probe x2  
  36  3:26  Probe x2  
  38  3:31  Sentry  
  40  3:38  Probe x2  
  40  3:40  Twilight Council  
  42  3:50  Probe x2  
  44  3:56  Pylon  
  44  3:59  Observer  
  44  4:02  Probe x2  
  47  4:14  Assimilator, Probe x2  
  47  4:17  Assimilator  
  49  4:18  Forge  
  49  4:21  Gateway, Observer  
  49  4:22  Gateway  
  49  4:23  Gateway  
  50  4:26  Probe x2  
  52  4:37  Nexus  
  52  4:47  Observer (Chrono Boost)  
  52  4:51  Charge (Chrono Boost)  
  52  4:52  Protoss Ground Weapons Level 1 (Chrono Boost)  
  53  4:53  Probe  
  53  4:54  Probe  
  53  4:57  Zealot x2  
  59  5:02  Pylon  
  59  5:03  Pylon  
  59  5:13  Probe x2  
  61  5:15  Immortal (Chrono Boost)  
  65  5:25  Zealot x2  
  65  5:26  Zealot x2  
  65  5:28  Zealot  
  75  5:35  Pylon  
  74  5:50  Stalker  
  74  5:51  Stalker  
  74  5:53  Pylon  
  74  5:56  Pylon, Stalker x3  
  84  6:06  Robotics Bay  
  84  6:11  Immortal  
  88  6:18  Nexus  
  88  6:20  Pylon  
  88  6:22  Probe x2  
  90  6:26  Protoss Ground Weapons Level 2 (Chrono Boost)  
  90  6:38  Zealot x3  
  90  6:39  Zealot  
  98  6:42  Probe x2  
  98  6:46  Zealot  
  102  6:51  Pylon  
  102  6:54  Probe  
  102  6:55  Probe  
  104  7:03  Zealot x3  
  104  7:04  Zealot  
  96  7:13  Probe x2  
  92  7:16  Blink (Chrono Boost)  
  92  7:21  Colossus  
  98  7:25  Probe x2  
  100  7:32  Probe  
  101  7:37  Probe  
  101  7:38  Probe  
  103  7:44  Probe  
  103  7:45  Assimilator  
  103  7:48  Stalker  
  103  7:49  Probe  
  103  7:50  Probe  
  103  7:51  Stalker  
  110  7:52  Stalker  
  110  7:55  Stalker x2  
  110  7:57  Probe  
  117  8:04  Pylon  
  117  8:06  Assimilator, Probe x2  
  117  8:09  Pylon, Probe  
  120  8:13  Pylon  
  120  8:16  Protoss Ground Weapons Level 3 (Chrono Boost)  
  120  8:18  Colossus  
  126  8:25  Templar Archives  
  126  8:30  Stalker x2  
  130  8:36  Zealot x3  
  135  8:59  Stalker x3  
  135  9:00  Nexus  
  135  9:01  Psionic Storm  
  136  9:02  Pylon  
  136  9:04  Pylon  
  133  9:11  Probe x3  
  136  9:17  Colossus  
  142  9:25  High Templar x3  
  142  9:28  High Templar  
  150  9:33  Probe x2  
  150  9:34  Probe  
  153  9:43  Pylon  
  153  9:45  Pylon  
  153  9:46  Probe x3  
  156  10:01  Zealot x5  
  168  10:17  Gateway  
  168  10:18  Gateway  
  168  10:22  Zealot x4  
  176  10:35  Zealot  
  172  10:42  Gateway  
  166  10:43  Probe x3  
  166  10:45  Gateway  
  166  10:46  Gateway  
  169  10:52  Zealot x4  
  170  11:12  Zealot  
  170  11:13  Zealot x4  
  170  11:18  Probe x4  
  183  11:22  Robotics Facility  
  183  11:24  Forge  
Tags
 
Add a new tag
Caveats
  • Supply blocks, unpowered buildings, or Contaminate may cause inaccurate times.
  • Supply counts are checked every 10 seconds.